 Dungeon Crawl Stone Soup version 0.30.0-29-ga12c61a403 (webtiles) character file.

Game seed: 2673322744272205752

8600 H0rd4k the Slicer (level 11, -1/59 (83) HPs)
             Began as a Human Artificer on June 19, 2023.
             Was an Initiate of Gozag.
             Slain by a spectral orc knight
             ... wielding a +3 war axe
             ... summoned by Nergalle
              (4 damage)
             ... on level 10 of the Dungeon.
             The game lasted 00:14:30 (13665 turns).

H0rd4k the Slicer (Human Artificer)                Turns: 13665, Time: 00:14:31

HP:   -1/59 (83)    AC: 17    Str: 13    XL:     11   Next: 58%
MP:   28/28         EV:  9    Int: 15    God:    Gozag
Gold: 1612          SH:  0    Dex: 20    Spells: 20/20 levels left

rFire   . . .        L - +6 short sword of Distant Shores {heavy, Drain Dex+6}
rCold   . . .        (no shield)
rNeg    . . .        C - +8 chain mail "Vaukyrgh" {Fly}
rPois   .            t - +0 hat
rElec   .            (no cloak)
rCorr   .            (no gloves)
SInv    +            p - +0 pair of boots
Will    .....        D - amulet of the acrobat Stlth
                     l - ring of magical power
HPRegen 0.29/turn    o - ring of see invisible
MPRegen 0.21/turn

%: acrobat
@: flying, very heavily drained
A: no striking features
a: Renounce Religion, Potion Petition, Call Merchant, Bribe Branch


You were on level 10 of the Dungeon.
You worshipped Gozag.
Gozag was most pleased with you.
You visited 1 branch of the dungeon, and saw 10 of its levels.
You also visited: Sewer, Ossuary and Bailey.

You collected 1939 gold pieces.
You spent 248 gold pieces at shops.
You paid 79 gold pieces to Gozag.

Inventory:

Hand Weapons
 u - a +2 dagger of venom
 L - the +6 short sword of Distant Shores (weapon) {heavy, Drain Dex+6}
   (You bought it in a shop on level 2 of the Dungeon)

   Dex:       It affects your dexterity (+6).
   Drain:     It drains your maximum health when unequipped.
 M - a +1 rapier of electrocution
Missiles
 w - 2 curare-tipped darts
 A - 2 throwing nets
Armour
 p - a +0 pair of boots (worn)
 t - a +0 hat (worn)
 C - the +8 chain mail "Vaukyrgh" (worn) {Fly}
   (You took it off a gnoll bouda on level 4 of the Dungeon)

   Fly:       It grants you flight.
Magical Staves
 Y - a staff of poison
Jewellery
 l - a ring of magical power (left hand)
 o - a ring of see invisible (right hand)
 y - a ring of protection from fire
 D - an amulet of the acrobat (around neck)
 Q - a +6 ring of strength
Wands
 c - a wand of flame (9) (quivered)
 d - a wand of charming (7)
 r - a wand of roots (6)
 E - a wand of digging (5)
 H - a wand of paralysis (7)
 T - a wand of light (1)
Scrolls
 b - a scroll of brand weapon {unknown}
 e - a scroll of amnesia {unknown}
 g - 8 scrolls of identify
 h - 4 scrolls of fog {unknown}
 i - 2 scrolls of immolation {unknown}
 j - 4 scrolls of magic mapping
 k - 8 scrolls of teleportation {unknown}
 n - 4 scrolls of blinking {unknown}
 s - a scroll of fear {unknown}
 z - a scroll of enchant weapon {unknown}
 G - 2 scrolls of vulnerability {unknown}
 I - 2 scrolls of poison {unknown}
 R - a scroll of torment {unknown}
 U - a scroll of silence {unknown}
Potions
 f - 4 potions of mutation {unknown}
 m - 3 potions of flight
 q - a potion of brilliance {unknown}
 v - 7 potions of curing
 x - 3 potions of might {unknown}
 B - 3 potions of ambrosia {unknown}
 F - 3 potions of haste
 J - 2 potions of magic {unknown}
 N - 2 potions of cancellation {unknown}
 O - a potion of attraction {unknown}
 P - 4 potions of degeneration {unknown}
 S - a potion of berserk rage {unknown}
 V - a potion of resistance {unknown}
 W - a potion of invisibility {unknown}
 X - a potion of experience
Miscellaneous
 Z - a phantom mirror


   Skills:
 + Level 6.9 Fighting
 * Level 11.6 Short Blades
 - Level 4.1 Maces & Flails
 - Level 2.0 Armour
 + Level 5.4 Dodging
 + Level 4.2 Stealth
 * Level 5.4 Spellcasting
 + Level 4.8 Evocations


You had 20 spell levels left.
You didn't know any spells.
Your spell library contained the following spells:

 Spells                   Type           Power      Damage    Failure   Level
 Sandblast                Erth           8%         2d5       97%         1
 Passwall                 Tmut/Erth      3%         N/A       99%         2
 Scorch                   Fire           8%         2d5       99%         2
 Portal Projectile        Hex/Tloc       8%         N/A       100%        3
 Stone Arrow              Conj/Erth      8%         3d7       100%        3
 Tukima's Dance           Hex            4%         N/A       100%        3
 Flame Wave               Conj/Fire      4%         2d5       100%        4
 Manifold Assault         Tloc           4%         N/A       100%        4
 Summon Ice Beast         Ice/Summ       4%         N/A       100%        4
 Blade Hands              Tmut           2%         N/A       100%        5
 Summon Mana Viper        Hex/Summ       4%         N/A       100%        5
 Dispersal                Tloc           2%         N/A       100%        6
 Summon Cactus Giant      Summ           2%         N/A       100%        6
 Monstrous Menagerie      Summ           2%         N/A       100%        7
 Disjunction              Tloc           2%         N/A       100%        8


Dungeon Overview and Level Annotations

Branches:
Dungeon (10/15)            Temple (0/1) D:7             Orc (0/2) D:9
  Sewer (visited)         Ossuary (visited)          Bailey (visited)
   Lair: D:8-11

Altars:
Ashenzari
Dithmenos
Fedhas
Gozag
Hepliaklqana
Kikubaaqudgha
Makhleb
Nemelex Xobeh
Okawaru
Sif Muna
Uskayaw
Vehumet
Wu Jian

Shops:
D:2 (

Annotations:
D:5 3 runed translucent doors, exclusion: 3 doors, MacCMillion's ghost, novice GnIE; MrAu's ghost, novice HuFi; fedoskokos's ghost, novice DgHu
D:7 1 runed translucent door, exclusion: door, Crazy Yiuf
D:9 1 runed translucent door, exclusion: door, vvl's ghost, novice GrFi
D:10 Nergalle


Message History

You feel drained.
You barely miss the spectral orc knight.
The spectral orc knight hits you with a +0 war axe.
You feel drained.
The spectral orc knight hits you from afar with a +1 glaive.
You feel drained. Nergalle hits you but does no damage.
The spectral orc knight hits you but does no damage. x2
The spectral orc knight hits your yak with a +3 war axe.
The spectral orc knight hits you with a +0 war axe.
You feel drained.
You completely miss the spectral orc knight.
The spectral orc knight hits you from afar with a +1 glaive.
You feel drained.
Your yak gores the spectral orc knight but does no damage.
Your yak gores the spectral orc knight.
Nergalle gestures at you while chanting.
Orcish apparitions take form around you.
The spectral orc knight closely misses you.
The spectral orc knight hits your yak with a +3 war axe!
The spectral orc knight drains your yak.
The spectral orc knight hits you with a +0 great mace!
* * * LOW HITPOINT WARNING * * *
You feel drained.
* * * LOW HITPOINT WARNING * * *
The spectral orc knight closely misses you.
As you read the scroll labelled ERESE LEEPYUVO, it crumbles to dust.
It is a scroll of identify.
j - 4 scrolls of magic mapping The spectral orc knight hits you but does no damage.
The spectral orc knight hits you with a +0 war axe.
* * * LOW HITPOINT WARNING * * *
You feel drained.
Your yak gores the spectral orc knight.
The spectral orc knight hits you from afar with a +1 glaive.
* * * LOW HITPOINT WARNING * * *
Nergalle mutters something.
Nergalle hits you with a +0 dagger.
* * * LOW HITPOINT WARNING * * *
The spectral orc knight hits you with a +3 war axe.
You die...
Your body crumbles into a pile of gold.

##>..........# ##
.............#####
#.
#.........#..)))###.
#.........#..##)))'.
#........###..#####.
######Y.## ##..# #.
##YY#+ #..# #.
###ZY## #..###
#o@Z## #...#
#..ZZ### ##.. #.##Z.
.# # ##.. ## ...
.... ..... ......


You could see Nergalle (ally target), a spectral orc (summoned), 4 spectral orc
knights and 4 friendly yaks.

Vanquished Creatures
  An orc warlord (Bailey)
  2 hornets (D:9)
  Sigmund (D:2)
  3 wyverns
  7 yaks
  2 humans (D:9)
  2 steam dragons
  Menkaure (D:7)
  A warg (D:10)
  A water moccasin (D:9)
  A sky beast (D:6)
  12 orc warriors
  A black bear (D:6)
  2 centaurs (D:6)
  6 ogres
  A phantom (D:6)
  A gnoll sergeant (D:9)
  4 bullfrogs
  3 kobold brigands
  A scorpion (D:6)
  4 wights (D:9)
  6 killer bees (D:7)
  4 howler monkeys (D:9)
  2 centaur zombies (Ossuary)
  6 hounds
  2 jellies
  9 orc priests
  A gnoll bouda (D:4)
  4 iguanas
  2 sleepcaps
  12 orc wizards
  3 ogre zombies (Ossuary)
  7 mummies (Ossuary)
  Robin (D:2)
  11 gnolls
  7 adders
  3 river rats
  2 shadow imps
  2 white imps (D:6)
  2 ufetubi (D:6)
  2 adder zombies (Ossuary)
  3 worms (D:3)
  3 dart slugs
  42 orcs
  4 endoplasms
  2 giant cockroaches
  18 goblins
  18 hobgoblins
  4 quokkas
  13 ball pythons
  5 bats
  6 frilled lizards
  7 goblin zombies (Ossuary)
  4 hobgoblin zombies (Ossuary)
  17 kobolds
  A kobold zombie (Ossuary)
  6 quokka zombies (Ossuary)
  11 rats
  5 rat zombies (Ossuary)
314 creatures vanquished.

Vanquished Creatures (collateral kills)
  A goblin (D:2)
1 creature vanquished.

Vanquished Creatures (others)
  An orc priest (D:3)
  A gnoll (Bailey)
  An orc (D:4)
3 creatures vanquished.

Grand Total: 318 creatures vanquished

Notes
Turn   | Place    | Note
-------+----------+-------------------------------------------
     0 | D:1      | H0rd4k the Human Artificer began the quest for the Orb.
     0 | D:1      | Reached XP level 1. HP: 15/15 MP: 1/1
   188 | D:1      | Reached XP level 2. HP: 17/21 MP: 2/2
  1117 | D:2      | Reached skill level 1 in Maces & Flails
  1117 | D:2      | Reached XP level 3. HP: 16/26 MP: 3/3
  1239 | D:2      | Found Ramaen's Antique Weapon Shoppe.
  1691 | D:2      | Reached XP level 4. HP: 23/32 MP: 4/4
  1835 | D:2      | Noticed Sigmund
  1847 | D:2      | Killed Sigmund
  1848 | D:2      | Reached XP level 5. HP: 32/39 MP: 5/5
  1848 | D:2      | Reached XP level 6. HP: 38/46 MP: 6/6
  1902 | D:2      | Noticed Robin
  2168 | D:2      | Killed Robin
  2683 | D:3      | Found a glowing drain.
  2713 | Sewer    | Entered a sewer
  2737 | Sewer    | Reached skill level 1 in Spellcasting
  2911 | Sewer    | Reached XP level 7. HP: 12/51 MP: 9/9
  3064 | Sewer    | Found a white marble altar of Elyvilon.
  3837 | D:3      | Reached skill level 1 in Short Blades
  4233 | D:4      | Reached skill level 2 in Short Blades
  4251 | D:3      | HP: 2/51 [gnoll/+0 flail[a gnoll bouda] (13)]
  4611 | D:4      | Identified the +8 chain mail "Vaukyrgh" {Fly}
  4910 | D:4      | Reached XP level 8. HP: 32/58 MP: 11/11
  5067 | D:4      | Reached skill level 3 in Short Blades
  5285 | D:5      | Entered Level 5 of the Dungeon
  5422 | D:5      | Found a hide-covered altar of Uskayaw.
  5634 | D:5      | Reached skill level 4 in Short Blades
  5819 | D:5      | Noticed a wyvern
  5836 | D:5      | Killed a wyvern
  5970 | D:5      | Found a runed translucent gate.
  5971 | D:5      | Found a runed translucent gate.
  5972 | D:5      | Found a runed translucent gate.
  5973 | D:5      | Noticed fedoskokos's ghost (novice DgHu)
  5974 | D:5      | Noticed MacCMillion's ghost (novice GnIE)
  5974 | D:5      | Noticed MrAu's ghost (novice HuFi)
  6002 | D:5      | Found an opulent altar of Gozag.
  6023 | D:5      | Became a worshipper of Gozag Ym Sagoz the Greedy
  6095 | D:5      | Reached skill level 5 in Short Blades
  6219 | D:5      | Reached XP level 9. HP: 41/65 MP: 13/13
  6807 | D:6      | Reached skill level 6 in Short Blades
  7439 | D:6      | Reached skill level 7 in Short Blades
  7792 | D:6      | Found a hazy altar of Hepliaklqana.
  7794 | D:6      | Found a broken altar of Ashenzari.
  7796 | D:6      | Found a radiant altar of Vehumet.
  7947 | D:2      | Bought a pitted short sword for 248 gold pieces
  7947 | D:2      | Identified the +6 short sword of Distant Shores {heavy,
                  | Drain Dex+6} (You bought it in a shop on level 2 of the
                  | Dungeon)
  8054 | D:7      | Noticed Menkaure
  8061 | D:7      | Killed Menkaure
  8192 | D:7      | Found a staircase to the Ecumenical Temple.
  8195 | D:7      | Found a sand-covered staircase.
  8205 | Ossuary  | Entered an ossuary
  8438 | Ossuary  | Reached skill level 8 in Short Blades
  8580 | Ossuary  | Reached XP level 10. HP: 61/73 MP: 15/15
  9197 | D:7      | Reached skill level 5 in Fighting
  9197 | D:7      | Reached skill level 9 in Short Blades
  9725 | D:7      | Found a runed translucent door.
  9726 | D:7      | Noticed Crazy Yiuf
 10131 | D:8      | Found a burning altar of Makhleb.
 10191 | D:8      | Found an ancient bone altar of Kikubaaqudgha.
 10359 | D:8      | Reached skill level 10 in Short Blades
 10658 | D:8      | Found a sparkling altar of Nemelex Xobeh.
 10662 | D:8      | Found a blossoming altar of Fedhas.
 10663 | D:8      | Found a shadowy altar of Dithmenos.
 10785 | D:9      | Reached skill level 5 in Dodging
 10791 | D:9      | Paralysed by a hornet for 2 turns
 10896 | D:9      | Found a flagged portal.
 10906 | Bailey   | Entered a bailey
 10911 | Bailey   | Noticed an orc warlord
 11128 | Bailey   | Found a runed translucent gate.
 11131 | Bailey   | Found a runed translucent gate.
 11136 | Bailey   | Found a runed translucent gate.
 11387 | Bailey   | Killed an orc warlord
 11388 | Bailey   | Reached XP level 11. HP: 29/81 MP: 18/18
 11573 | Bailey   | Reached skill level 11 in Short Blades
 11573 | Bailey   | Reached skill level 5 in Spellcasting
 11700 | D:9      | Found a staircase to the Orcish Mines.
 11785 | D:9      | Found an iron altar of Okawaru.
 11895 | D:9      | Found a runed translucent door.
 12456 | D:9      | Found a shimmering blue altar of Sif Muna.
 12588 | D:9      | Found an ornate altar of the Wu Jian Council.
 13027 | D:9      | Noticed vvl's ghost (novice GrFi)
 13075 | D:10     | Entered Level 10 of the Dungeon
 13635 | D:10     | Noticed Nergalle
 13665 | D:10     | Slain by a spectral orc knight

Illustrated notes

Levels and vault maps discovered:
D:1:      sevenhm_arrival_forest_fort_small_3, layout_basic, serial_bayou_lake_a
D:2:      layout_basic, serial_shops, nicolae_shop_tiny_real_fake_doors,
          uniq_robin, uniq_sigmund
D:3:      layout_rooms, portal_sewer_entry_e, grunt_ministairs_2,
          roderic_serpentine_path
D:4:      layout_cave_pools, grunt_decor_clamped
D:5:      layout_loops_cross, nicolae_uskayaw_murder_on_the_dancefloor,
          lemuel_tele_altar, gammafunk_ghost_cemetery, minmay_misc_feat_ornament
D:6:      layout_loops_ring, gammafunk_temple_overflow_forgotten,
          chequers_serial_rivers_micro_e, minmay_starry_boxes
D:7:      layout_basic, temple_statues, chequers_ossuary_entry_cave,
          uniq_crazy_yiuf_cottage, uniq_menkaure
D:8:      layout_loops_ring, kiku_gazebo_pond_becter, general_overflow_altar,
          grunt_temple_overflow_open
D:9:      minmay_recursive_quarters, layout_cave_pods,
          pdpol_wu_jian_five_deadly_venoms, nicolae_sif_muna_condensation,
          okawaru_humans, ebering_ghost_reflecting_pool, enter_bailey_5
D:10:     layout_roguey, tso_metal_star, erik_lair_orcish_takeover,
          chequers_serial_rivers_large_b, uniq_nergalle

Skill      XL: |  1  2  3  4  5  6  7  8  9 10 11 |
---------------+----------------------------------+-----
Maces & Flails | 1 3 4 |  4.1
Fighting       | 2 3 4 5 6 |  6.9
Dodging        | 2 3 4 5 |  5.4
Spellcasting   | 1 2 3 4 5 |  5.4
Evocations     | 4 |  4.8
Short Blades   | 2 5 8 10 11 | 11.6
Stealth        | 2 3 4 |  4.2
Armour         | |  2.0

Action                     |  1- 3 |  4- 6 |  7- 9 | 10-12 || total
---------------------------+-------+-------+-------+-------++-------
  Melee: Club              |    69 |       |       |       ||    69
         Mace              |    72 |   122 |       |       ||   194
         Punch             |       |     2 |     7 |     7 ||    16
         Dagger            |       |       |   513 |       ||   513
         Short sword       |       |       |    98 |   476 ||   574
  Evoke: Wand              |       |    10 |    10 |     6 ||    26
    Use: Potion            |       |       |       |     4 ||     4
         Scroll            |       |       |       |     2 ||     2
   Stab: Sleeping          |     2 |       |       |       ||     2
         Invisible         |       |       |       |     3 ||     3
         Distracted        |       |       |       |     2 ||     2
 Armour: Leather armour    |    58 |    24 |    30 |       ||   112
         Chain mail        |       |       |   196 |   203 ||   399
  Dodge: Dodged            |   108 |    90 |   228 |   229 ||   655
